AoeStats
← roberts194

Four Lakes

508895393Analyzed
1v1 RM · 8d ago on Sep 24, 2026· 41m 1s· 2 players
Game mode
Random Map
Map size
Tiny (2 player)
Population
200
Speed
Normal
Resources
Standard
Victory
Conquest
Starting age
Dark Age
Ending age
Imperial Age
RankedLock teamsTeams togetherTeam positionsShared explorationLock speedFull tech treeHidden civsTurbo modeCheats
Victory
Defeat
🇫🇮 Mongols · Finland
886
+16
🇬🇧 Celts · United Kingdom
888
-16
ponzi
3:30 Loom
9:51 Feudal Age
10:21 Double-Bit Axe
10:17 Horse Collar
18:40 Castle Age
18:19 Gold Mining
18:22 Stone Mining
19:36 Bow Saw
19:29 Heavy Plow
21:34 Fletching
22:51 Bodkin Arrow
34:21 Imperial Age
34:05 Wheelbarrow
34:41 Padded Archer Armor
34:48 Scale Barding Armor
34:54 Forging
35:31 Hand Cart
35:42 Bracer
36:10 Bloodlines
36:02 Husbandry
35:37 Light Cavalry
37:19 Gold Shaft Mining
37:35 Leather Archer Armor
37:32 Forging
roberts194
0:48 Loom
10:36 Feudal Age
12:30 Town Watch
14:02 Double-Bit Axe
18:25 Castle Age
16:56 Scale Mail Armor
17:34 Forging
18:36 Pikeman
25:48 Horse Collar
30:29 Imperial Age
29:01 Bow Saw
30:00 Wheelbarrow
30:30 Ballistics
32:36 Heavy Plow
35:06 Siege Engineers
Connection lost

Rejoining the realm…

Still unreachable

The connection could not be restored.

Session expired

The server has moved on; the page needs a fresh start.